 Dungeon Crawl Stone Soup version 0.30-a0-355-g4c39ff33d3 (webtiles) character file.

Game seed: 12109977814014243334

257 Umm the Slasher (level 6, -2/51 HPs)
             Began as a Gnoll Reaver on Nov 8, 2022.
             Slain by Menkaure (18 damage)
             ... on level 4 of the Dungeon.
             The game lasted 00:09:26 (2583 turns).

Umm the Slasher (Gnoll Reaver)                      Turns: 2583, Time: 00:09:27

Health: -2/51      AC:  6    Str: 13    XL:     6   Next: 16%
Magic:  14/14      EV: 11    Int: 13    God:
Gold:   165        SH:  0    Dex: 10    Spells: 14/15 levels left

rFire   . . .      SeeInvis .    a - +0 falchion
rCold   . . .      Faith    .    (no shield)
rNeg    . . .      Spirit   .    g - +0 ring mail
rPois   +          Reflect  .    d - +0 helmet
rElec   .          Harm     .    (no cloak)
rCorr   .          Rampage  .    (no gloves)
Will    .....                    (no boots)
Stlth   +.........               (no amulet)
HPRegen 0.28/turn                k - ring of poison resistance
MPRegen 0.14/turn                (no ring)

@: no status effects
A: fangs 1, strong nose, distributed training
a: no special abilities


You were on level 4 of the Dungeon.
You visited 1 branch of the dungeon, and saw 5 of its levels.

You collected 165 gold pieces.

Inventory:

Hand Weapons
 a - a +0 falchion (weapon)
 i - a +2 dagger of speed
 o - a +0 rapier
Missiles
 b - a throwing net
Armour
 d - a +0 helmet (worn)
 g - a +0 ring mail (worn)
Jewellery
 k - a ring of poison resistance (left hand)
Scrolls
 c - 3 scrolls of teleportation
 f - a scroll of blinking
 h - a scroll of fog
 l - a scroll of magic mapping
 q - a scroll of identify
Potions
 e - a potion of ambrosia {unknown}
 m - a potion of haste {unknown}
 n - 3 potions of degeneration {unknown}
 p - a potion of attraction {unknown}


   Skills:
 + Level 5.0 Fighting
 + Level 1.9 Short Blades
 + Level 6.8 Long Blades
 + Level 1.9 Axes
 + Level 1.9 Maces & Flails
 + Level 1.9 Polearms
 + Level 1.9 Staves
 + Level 1.9 Ranged Weapons
 + Level 1.9 Throwing
 + Level 1.9 Armour
 + Level 5.0 Dodging
 + Level 1.9 Stealth
 + Level 1.9 Shields
 + Level 1.9 Unarmed Combat
 + Level 5.3 Spellcasting
 + Level 5.6 Conjurations
 + Level 1.5 Hexes
 + Level 1.5 Summonings
 + Level 1.5 Necromancy
 + Level 1.5 Translocations
 + Level 1.5 Transmutations
 + Level 1.5 Fire Magic
 + Level 1.5 Ice Magic
 + Level 1.5 Air Magic
 + Level 1.5 Earth Magic
 + Level 1.5 Poison Magic
 + Level 2.1 Invocations
 + Level 1.9 Evocations


You had 14 spell levels left.
You knew the following spells:

 Your Spells              Type           Power      Damage    Failure   Level
a - Kiss of Death         Conj/Necr      48%        2d9       9%          1

Your spell library contained the following spells:

 Spells                   Type           Power      Damage    Failure   Level
 Momentum Strike          Conj/Tloc      24%        3d8       13%         2
 Static Discharge         Conj/Air       24%        2-3/arc   13%         2
 Freeze                   Ice            28%        1d5       21%         1
 Hailstorm                Conj/Ice       12%        3d5       26%         3
 Frozen Ramparts          Ice            14%        1d3       52%         3
 Vhi's Electric Charge    Tloc/Air       14%        N/A       52%         3
 Arcjolt                  Conj/Air       6%         1d16      94%         5
 Irradiate                Conj/Tmut      6%         3d13      94%         5
 Lightning Bolt           Conj/Air       6%         1d18      94%         5
 Blade Hands              Tmut           3%         N/A       99%         5
 Dragon Form              Tmut           3%         N/A       100%        7


Dungeon Overview and Level Annotations

Branches:
Dungeon (5/15)
 Temple: D:4-7

Altars:
Nemelex Xobeh
Zin

Annotations:
D:3 1 runed translucent door, Crazy Yiuf
D:4 1 runed translucent door, Menkaure; mojasp's ghost, amateur OpMo


Innate Abilities, Weirdness & Mutations

You have very sharp teeth.
Your uncanny sense of smell can sniff out nearby items.
Your experience applies equally to all skills.


Message History

You hit the giant cockroach.
The giant cockroach is severely wounded.
The giant cockroach barely misses you.
You hit the giant cockroach.
You kill the giant cockroach!
You hit Menkaure but do no damage. Menkaure hits you!!
You hit Menkaure. Your bite misses Menkaure.
Menkaure is moderately damaged.
You barely miss Menkaure.
Menkaure is moderately damaged.
Menkaure hits you!
Casting: Kiss of Death (safe; 9% risk of failure)
Confirm with . or Enter, or press ? or * to list all spells.
You can't see any susceptible monsters within range! (Use Z to cast anyway.) Unknown command.
Casting: Kiss of Death (safe; 9% risk of failure)
Confirm with . or Enter, or press ? or * to list all spells.
You can't see any susceptible monsters within range! (Use Z to cast anyway.) It was a potion of heal wounds.
You feel much better. Menkaure hits you.
The orc shouts!
You slash Menkaure!
Menkaure is heavily damaged.
Menkaure barely misses you.
You hit Menkaure. Your bite misses Menkaure.
Menkaure is heavily damaged.
You hit Menkaure but do no damage.
Menkaure is heavily damaged.
Menkaure hits you!!
You hit Menkaure. You bite Menkaure, but do no damage.
Menkaure is almost destroyed.
Menkaure barely misses you.
You completely miss Menkaure. You bite Menkaure, but do no damage.
Menkaure is almost destroyed.
Menkaure hits you!
You hit Menkaure but do no damage.
Menkaure is almost destroyed.
You barely miss Menkaure.
Menkaure is almost destroyed.
Menkaure hits you!!
You die...

#.######..##.##....
#####.##......##.##....
#...........#.##.##..##
#.##...#.##.#.##.##..##
#.#.#.#..##.#.##.##[...
#.†##.##.##.#.##.##.>..
#..##..#.##.#.##.###...
#..###...##.#.# ...(
#.#.##@.###.#.# ##..#
#....Mo.....#. #..#
######..#####. ###..#
#..#####. #....#
#.......M####)#..#
......[..........#
#......JS<.......#
#...?...#####.####
...... #.#


You could see Menkaure and an orc.

Vanquished Creatures
  A jelly (D:4)
  A hound (D:4)
  Terence (D:2)
  Natasha (twice) (D:3)
  4 adders
  A worm (D:3)
  2 dart slugs (D:1)
  7 orcs
  4 ball pythons
  An endoplasm (D:1)
  6 giant cockroaches
  9 goblins
  9 hobgoblins
  A jackal (D:1)
  2 quokkas
  8 bats
  2 frilled lizards
  5 kobolds
  3 rats
69 creatures vanquished.

Vanquished Creatures (others)
  2 withered plants (D:4)
2 creatures vanquished.

Grand Total: 71 creatures vanquished

Notes
Turn   | Place    | Note
-------+----------+-------------------------------------------
     0 | D:1      | Umm the Gnoll Reaver began the quest for the Orb.
     0 | D:1      | Reached XP level 1. HP: 20/20 MP: 6/6
    42 | D:1      | Reached XP level 2. HP: 26/26 MP: 7/7
   159 | D:1      | Reached skill level 5 in Spellcasting
   159 | D:1      | Reached XP level 3. HP: 28/31 MP: 7/9
   262 | D:1      | Reached skill level 1 in Invocations
   609 | D:2      | Reached skill level 1 in Short Blades
   609 | D:2      | Reached skill level 1 in Axes
   609 | D:2      | Reached skill level 1 in Maces & Flails
   609 | D:2      | Reached skill level 1 in Polearms
   609 | D:2      | Reached skill level 1 in Staves
   609 | D:2      | Reached skill level 1 in Ranged Weapons
   609 | D:2      | Reached skill level 1 in Throwing
   609 | D:2      | Reached skill level 1 in Armour
   609 | D:2      | Reached skill level 1 in Stealth
   609 | D:2      | Reached skill level 1 in Shields
   609 | D:2      | Reached skill level 1 in Unarmed Combat
   609 | D:2      | Reached skill level 1 in Evocations
   780 | D:2      | Reached XP level 4. HP: 38/38 MP: 11/11
  1135 | D:3      | Found a sparkling altar of Nemelex Xobeh.
  1189 | D:2      | Noticed Terence
  1203 | D:2      | Killed Terence
  1204 | D:2      | Reached skill level 1 in Hexes
  1204 | D:2      | Reached skill level 1 in Summonings
  1204 | D:2      | Reached skill level 1 in Necromancy
  1204 | D:2      | Reached skill level 1 in Translocations
  1204 | D:2      | Reached skill level 1 in Transmutations
  1204 | D:2      | Reached skill level 1 in Fire Magic
  1204 | D:2      | Reached skill level 1 in Ice Magic
  1204 | D:2      | Reached skill level 1 in Air Magic
  1204 | D:2      | Reached skill level 1 in Earth Magic
  1204 | D:2      | Reached skill level 1 in Poison Magic
  1407 | D:3      | You fall into a shaft and drop 2 floors!
  1407 | D:5      | Entered Level 5 of the Dungeon
  1607 | D:3      | Found a runed translucent door.
  1608 | D:3      | Noticed Crazy Yiuf
  1720 | D:3      | Reached XP level 5. HP: 38/40 MP: 12/12
  2093 | D:3      | Noticed Natasha
  2108 | D:3      | Killed Natasha
  2139 | D:3      | Found a glowing silver altar of Zin.
  2139 | D:3      | Noticed an angel
  2381 | D:4      | Found a runed translucent door.
  2381 | D:4      | Noticed mojasp's ghost (amateur OpMo)
  2398 | D:4      | Noticed Menkaure
  2401 | D:3      | Noticed Natasha
  2406 | D:3      | Killed Natasha
  2407 | D:3      | Reached XP level 6. HP: 34/50 MP: 13/13
  2496 | D:4      | Reached skill level 5 in Fighting
  2496 | D:4      | Reached skill level 5 in Dodging
  2583 | D:4      | Slain by Menkaure

Illustrated notes

Levels and vault maps discovered:
D:1:      ebering_trefoil_3fold, layout_rooms, minmay_indecisive_spiral
D:2:      layout_loops_ring, minmay_misc_feat_tiny, uniq_terence
D:3:      layout_loops_ring, zin_angel, nemelex_xobeh_ov_fountains_minmay,
          chequers_serial_rivers_micro_c, uniq_natasha, uniq_crazy_yiuf_cottage
D:4:      layout_loops_ring, gammafunk_ghost_grave, uniq_menkaure
D:5:      layout_cave_pools, kennysheep_little_box, serial_shops, shop,
          chequers_decorated_corner, uniq_eustachio, uniq_pikel

Skill      XL: |  1  2  3  4  5  6 |
---------------+-------------------+-----
Spellcasting   | 5 |  5.3
Invocations    | 1 2 |  2.1
Short Blades   | 1 |  1.9
Axes           | 1 |  1.9
Maces & Flails | 1 |  1.9
Polearms       | 1 |  1.9
Staves         | 1 |  1.9
Ranged Weapons | 1 |  1.9
Throwing       | 1 |  1.9
Armour         | 1 |  1.9
Stealth        | 1 |  1.9
Shields        | 1 |  1.9
Unarmed Combat | 1 |  1.9
Evocations     | 1 |  1.9
Hexes          | 1 |  1.5
Summonings     | 1 |  1.5
Necromancy     | 1 |  1.5
Translocations | 1 |  1.5
Transmutations | 1 |  1.5
Fire Magic     | 1 |  1.5
Ice Magic      | 1 |  1.5
Air Magic      | 1 |  1.5
Earth Magic    | 1 |  1.5
Poison Magic   | 1 |  1.5
Fighting       | 5 |  5.0
Dodging        | 5 |  5.0
Long Blades    | |  6.8
Conjurations   | |  5.6

Action                   |  1- 3 |  4- 6 || total
-------------------------+-------+-------++-------
Melee: Falchion          |   126 |   127 ||   253
       Bite              |    15 |    11 ||    26
       Punch             |     6 |     4 ||    10
 Cast: Kiss of Death     |       |     1 ||     1
  Use: Scroll            |     3 |     1 ||     4
       Potion            |       |     1 ||     1
Armor: Leather armour    |    49 |       ||    49
       Ring mail         |    18 |    30 ||    48
Dodge: Dodged            |   100 |    55 ||   155

Table legend: (Time is in decaauts)
 A = Elapsed time spent in this place.
 B = Non-inter-level travel time spent in this place.
 C = Inter-level travel time spent in this place.
 D = Time resting spent in this place.
 E = Time spent auto-exploring this place.
 F = Levels seen in this place.
 G = Mean time per level.
                   A        B        C        D        E       F      G
               +--------+--------+--------+--------+--------+-----+--------+
         Total |   2586 |   2483 |    103 |    261 |   1406 |   5 |  517.2 |
       Dungeon |   2586 |   2483 |    103 |    261 |   1406 |   5 |  517.2 |
               +--------+--------+--------+--------+--------+-----+--------+

Top non-repeatable levels by time:
     D:3: 996 daAuts
     D:2: 791 daAuts
     D:1: 605 daAuts
     D:4: 178 daAuts
     D:5: 14 daAuts
